 Dungeon Crawl Stone Soup version 0.24.1-11-gbbbb2193e6 (webtiles) character file.

Game seed: 10401702147423101303, levelgen mode: deterministic

95 Curus the Slasher (level 4, -2/37 HPs)
             Began as a Minotaur Gladiator on May 10, 2020.
             Slain by a water moccasin (9 damage)
             ... on level 3 of the Dungeon.
             The game lasted 00:05:36 (1466 turns).

Curus the Slasher (Minotaur Gladiator)              Turns: 1466, Time: 00:05:37

Health: -2/37      AC:  4    Str: 18    XL:     4   Next: 39%
Magic:  3/3        EV: 13    Int:  6    God:
Gold:   67         SH:  0    Dex: 12    Spells: 3/3 levels left

rFire    . . .     SeeInvis .   a - +1 long sword
rCold    . . .     Gourm    .   (no shield)
rNeg     . . .     Faith    .   b - +0 leather armour
rPois    .         Spirit   .   c - +1 hat
rElec    .         Reflect  .   (no cloak)
rCorr    +         Harm     .   (no gloves)
MR       .....                  (no boots)
Stlth    +.........             (no amulet)
HPRegen  0.12/turn              g - ring of resist corrosion
MPRegen  0.08/turn              (no ring)

@: lethally poisoned (-2 -> -22)
A: retaliatory headbutt, horns 2
a: no special abilities


You were on level 3 of the Dungeon.
You were not hungry.

You visited 1 branch of the dungeon, and saw 3 of its levels.

You collected 67 gold pieces.

Inventory:

Hand Weapons
 a - a +1 long sword (weapon)
Missiles
 d - 3 throwing nets (quivered)
Armour
 b - a +0 leather armour (worn)
 c - a +1 hat (worn)
Jewellery
 g - a ring of resist corrosion (left hand)
Wands
 h - a wand of acid (5)
 j - a wand of random effects (10)
Scrolls
 e - 2 scrolls of identify
Comestibles
 f - 4 rations


   Skills:
 - Level 2.4 Fighting
 + Level 6.3 Long Blades
 - Level 2.0 Throwing
 - Level 3.2 Dodging


You had 3 spell levels left.
You didn't know any spells.
Your spell library contained the following spells:

 Spells                   Type           Power        Failure   Level  Hunger
 Animate Skeleton         Necr           N/A          52%         1    ##.....
 Apportation              Tloc           #.....       52%         1    ##.....
 Confusing Touch          Hex            #.....       52%         1    ##.....
 Summon Small Mammal      Summ           #...         52%         1    ##.....


Dungeon Overview and Level Annotations

Branches:
Dungeon (3/15)

Altars:
Cheibriados
Sif Muna
The Shining One


Innate Abilities, Weirdness & Mutations

You reflexively headbutt those who attack you in melee.
You have a pair of horns on your head.


Message History

You slash the water moccasin!
Your headbutt misses the water moccasin.
The water moccasin is heavily wounded.
You feel sick. The water moccasin bites you.
You hit the water moccasin but do no damage.
The water moccasin is heavily wounded.
You feel sick. The water moccasin bites you.
* * * LOW HITPOINT WARNING * * *
The water moccasin closely misses you.
You hit the water moccasin but do no damage.
The water moccasin is heavily wounded.
* * * LOW HITPOINT WARNING * * *
You feel sick.
The water moccasin bites you but does no damage.
You hit the water moccasin.
The water moccasin is severely wounded.
* * * LOW HITPOINT WARNING * * *
You feel sick. The water moccasin barely misses you. You furiously retaliate!
You headbutt the water moccasin. The water moccasin bites you!
You die...

###+### ###≈≈≈≈≈#
######.#≈≈≈≈≈# #
#######......#≈≈≈≈≈# ...
#.....#.####@#≈≈≈≈≈# #...#
#.....#.####S###'###......
#...<.......S.†........%..
#.....#.##..<..###........
#.....#......### #####...#
##########.### ... #.# #
#.# #.#


You could see a water moccasin and an adder.

Vanquished Creatures
  6 adders
  A worm (D:2)
  2 dart slugs (D:1)
  A leopard gecko (D:1)
  5 bats (D:1)
  8 goblins
  2 hobgoblins
  2 ball pythons
  A frilled lizard (D:2)
  6 kobolds
  3 rats
37 creatures vanquished.

Notes
Turn   | Place    | Note
-------+----------+-------------------------------------------
     0 | D:1      | Curus the Minotaur Gladiator began the quest for the Orb.
     0 | D:1      | Reached XP level 1. HP: 18/18 MP: 0/0
    96 | D:1      | Reached skill level 4 in Long Blades
   174 | D:1      | Reached XP level 2. HP: 25/25 MP: 1/1
   459 | D:1      | Reached skill level 5 in Long Blades
   742 | D:2      | Reached XP level 3. HP: 19/30 MP: 2/2
   855 | D:2      | Found a snail-covered altar of Cheibriados.
   855 | D:2      | Found a glowing golden altar of the Shining One.
   856 | D:2      | Found a shimmering blue altar of Sif Muna.
  1200 | D:2      | Reached skill level 6 in Long Blades
  1200 | D:2      | Reached XP level 4. HP: 35/37 MP: 3/3
  1448 | D:3      | Noticed a water moccasin
  1466 | D:3      | Slain by a water moccasin

Levels and vault maps discovered:
D:1:      lightli_arrival_quake, layout_loops_ring, amethyst_killhole,
          minmay_tree_intersection
D:2:      layout_basic, gammafunk_temple_overflow_claw
D:3:      layout_loops_cross, first_ration, chequers_serial_rivers_room_b

Skill      XL: |  1  2  3 |
---------------+----------+-----
Long Blades    | 4 5 6 |  6.3
Fighting       | |  2.4
Throwing       | |  2.0
Dodging        | |  3.2

Action                   |  1- 3 |  4- 6 || total
-------------------------+-------+-------++-------
Melee: Long sword        |    62 |    23 ||    85
       Headbutt          |     9 |     2 ||    11
  Use: Scroll            |     7 |       ||     7
       Potion            |     6 |       ||     6
 Stab: Sleeping          |     1 |       ||     1
  Eat: Chunk             |     1 |     1 ||     2
Armor: Leather armour    |    15 |     7 ||    22
Dodge: Dodged            |    30 |    17 ||    47
       Rpst.: Long sword |     7 |     1 ||     8
